 Dungeon Crawl Stone Soup version 0.24.1-14-gf8d2b509d9 (webtiles) character file.

Game seed: 5030162260058681391, levelgen mode: deterministic

128 tkbsonic5 the Gusty (level 4, -2/36 HPs)
             Began as a Centaur Air Elementalist on May 7, 2023.
             Slain by an orc
             ... wielding a +0 flail
              (8 damage)
             ... on level 3 of the Dungeon.
             The game lasted 00:13:45 (3246 turns).

tkbsonic5 the Gusty (Centaur Air Elementalist)      Turns: 3246, Time: 00:13:45

Health: -2/36      AC:  6    Str: 12      XL:     4   Next: 87%
Magic:  6/6        EV:  8    Int: 12 (14) God:
Gold:   79         SH:  0    Dex:  9      Spells: 3/6 levels left

rFire    . . .     SeeInvis .   n - +0 hunting sling
rCold    . . .     Gourm    .   (no shield)
rNeg     . . .     Faith    .   d - +0 ring mail
rPois    .         Spirit   .   g - +0 helmet
rElec    .         Reflect  .   (no cloak)
rCorr    .         Harm     .   (no gloves)
MR       .....                  (no barding)
Stlth    ..........             (no amulet)
HPRegen  0.12/turn              (no ring)
MPRegen  0.10/turn              (no ring)

@: hasted, very quick
A: large, hooves 3, deformed body, speed 2, tough skin 3
a: no special abilities


You were on level 3 of the Dungeon.
You were not hungry.

You visited 1 branch of the dungeon, and saw 3 of its levels.

You collected 79 gold pieces.

Inventory:

Hand Weapons
 b - a +0 hand axe
 h - a +0 dagger of venom
 i - a +0 dagger
 j - a +0 whip of pain
 n - a +0 hunting sling (weapon)
Missiles
 e - 21 sling bullets (quivered)
 f - 53 arrows
Armour
 a - a +0 robe
 d - a +0 ring mail (worn)
 g - a +0 helmet (worn)
 m - a +0 leather armour
Potions
 o - a potion of lignification {unknown}
Comestibles
 c - 2 rations


   Skills:
 - Level 2.1 Fighting
 - Level 0.7 Short Blades
 - Level 1.2 Maces & Flails
 * Level 2.7 Slings
 - Level 1.3 Dodging
 - Level 1.1 Stealth
 - Level 1.6 Spellcasting
 - Level 1.2 Conjurations
 - Level 0.1 Charms
 - Level 3.0 Air Magic


You had 3 spell levels left.
You knew the following spells:

 Your Spells              Type           Power        Failure   Level  Hunger
a - Shock                 Conj/Air       #...         26%         1    ##.....
b - Swiftness             Chrm/Air       #.......     45%         2    ###....

Your spell library contained the following spells:

 Spells                   Type           Power        Failure   Level  Hunger
 Static Discharge         Conj/Air       #.......     63%         3    ####...
 Airstrike                Air            #.........   88%         4    #####..
 Lightning Bolt           Conj/Air       #.........   100%        5    ######.


Dungeon Overview and Level Annotations

Branches:
Dungeon (3/15)

Altars:
Fedhas


Innate Abilities, Weirdness & Mutations

You have hooves in place of feet.
Armour fits poorly on your strangely shaped body.
You cover ground very quickly.
You have extremely tough skin. (AC +3)


Message History

You shoot a sling bullet.
The sling bullet hits the orc but does no damage.
Unknown command.
Firing (i - inventory)
e - 23 sling bullets (quivered)
Press: ? - help, Shift-Dir - straight line, f/p - orc priest
Aim: an orc priest, wielding a +0 club (severely wounded)
You shoot a sling bullet. The sling bullet barely misses the orc.
The sling bullet hits the orc priest.
You kill the orc priest!
You feel your strength returning.
Your Slings skill increases to level 2!
The orc hits you with a +0 flail.
* * * LOW HITPOINT WARNING * * *
Firing (i - inventory)
e - 22 sling bullets (quivered)
Press: ? - help, Shift-Dir - straight line, f - orc
Aim: an orc, wielding a +0 flail and wearing a cursed +0 ring mail You shoot a sling bullet.
The sling bullet closely misses the orc.
The orc hits you with a +0 flail!
You die...

(o#...#..# #.. #(.#...# #.#
##...#.######.##############
#.........##.##.....#.....#
###..####.##o##.###.#.###.#
#...o..#.##.##.# #.#.#
#.#### .......#.##.##.##.#
#.#.# #....#
########(##..(.##.# #...#
####.# #(((..()o@.# #####
#<# ############ ###


You could see an orc.

Vanquished Creatures
  An orc priest (D:3)
  An orc wizard (D:3)
  3 adders (D:2)
  2 dart slugs
  A leopard gecko (D:1)
  4 orcs (D:3)
  3 bats
  5 goblins
  5 hobgoblins
  4 jackals
  A ball python (D:2)
  A frilled lizard (D:2)
  2 kobolds
  6 rats (D:1)
39 creatures vanquished.

Notes
Turn   | Place    | Note
-------+----------+-------------------------------------------
     0 | D:1      | tkbsonic5 the Centaur Air Elementalist began the quest for
                  | the Orb.
     0 | D:1      | Reached XP level 1. HP: 14/14 MP: 3/3
   205 | D:1      | Reached skill level 1 in Conjurations
   394 | D:2      | Reached XP level 2. HP: 7/22 MP: 0/4
   750 | D:2      | Learned a level 2 spell: Swiftness
   892 | D:1      | Reached skill level 1 in Fighting
   952 | D:1      | Reached skill level 3 in Air Magic
  1358 | D:1      | Reached XP level 3. HP: 25/28 MP: 0/5
  2384 | D:2      | Reached skill level 1 in Maces & Flails
  2433 | D:2      | Found a blossoming altar of Fedhas.
  3208 | D:3      | Reached XP level 4. HP: 36/36 MP: 6/6
  3227 | D:3      | Reached skill level 1 in Slings
  3246 | D:3      | Slain by an orc

Levels and vault maps discovered:
D:1:      minmay_arrival_solitary_statue, layout_rooms
D:2:      layout_basic, fedhas_ov_isle_minmay
D:3:      layout_basic, overflow_temple_1_default, hex_large, minivault_4,
          makhleb_heckhound_becter

Skill      XL: |  1  2  3  4 |
---------------+-------------+-----
Conjurations   | 1 |  1.2
Fighting       | 1 2 |  2.1
Air Magic      | 3 |  3.0
Maces & Flails | 1 |  1.2
Slings         | 2 |  2.7
Short Blades   | |  0.7
Dodging        | |  1.3
Stealth        | |  1.1
Spellcasting   | |  1.6
Charms         | |  0.1

Action                   |  1- 3 |  4- 6 || total
-------------------------+-------+-------++-------
Melee: Unarmed           |    10 |       ||    10
       Dagger            |    53 |       ||    53
       Kick              |    10 |       ||    10
       Club              |     4 |       ||     4
       Whip              |    36 |       ||    36
       Hand axe          |     1 |       ||     1
 Fire: Hunting sling     |     5 |    26 ||    31
 Cast: Shock             |    40 |       ||    40
       Swiftness         |     1 |       ||     1
  Use: Scroll            |     5 |       ||     5
       Potion            |     2 |     2 ||     4
  Eat: Chunk             |     7 |       ||     7
Armor: Robe              |    45 |       ||    45
       Ring mail         |    12 |     3 ||    15
Dodge: Dodged            |    68 |     2 ||    70
